 Dungeon Crawl Stone Soup version 0.27.1 (webtiles) character file.

Game seed: 16439295172484181001

2 nxtlvl the Ducker (level 1, -1/13 HPs)
             Began as a Deep Elf Monk on Sept 3, 2021.
             Slain by a hobgoblin (2 damage)
             ... on level 1 of the Dungeon.
             The game lasted 00:00:34 (84 turns).

nxtlvl the Ducker (Deep Elf Monk)                     Turns: 84, Time: 00:00:35

Health: -1/13      AC:  2    Str:  8    XL:     1   Next: 33%
Magic:  3/3        EV: 13    Int: 14    God:
Gold:   0          SH:  0    Dex: 17    Spells: 0/0 levels left

rFire    . . .     SeeInvis .   a - +0 short sword
rCold    . . .     Faith    .   (no shield)
rNeg     . . .     Spirit   .   b - +0 robe
rPois    .         Reflect  .   (no helmet)
rElec    .         Harm     .   (no cloak)
rCorr    .         Rampage  .   (no gloves)
Will     .....                  (no boots)
Stlth    ++........             (no amulet)
HPRegen  0.04/turn              (no ring)
MPRegen  0.08/turn              (no ring)

@: no status effects
A: no striking features
a: no special abilities


You were on level 1 of the Dungeon.
You visited 1 branch of the dungeon, and saw 1 of its levels.

Inventory:

Hand Weapons
 a - a +0 short sword (weapon)
Armour
 b - a +0 robe (worn)
Scrolls
 d - a scroll of enchant armour {unknown}
Potions
 c - a potion of might {unknown}


   Skills:
 - Level 2.4 Fighting
 * Level 3.2 Short Blades
 - Level 3.6 Dodging
 - Level 2.4 Stealth


You couldn't memorise any spells.
You didn't know any spells.
Your spell library was empty.

Dungeon Overview and Level Annotations

Branches:
Dungeon (1/15)

Altars:

Shops:
D:1 =


Message History

Things that are here:
a +0 club; a goblin corpse
Found a curved jewelled staff.
A hobgoblin comes into view.
A ball python comes into view.
The ball python hisses angrily.
Found 15 gold pieces.
Found Huenoul's Jewellery Shoppe.
You barely miss the ball python. The ball python bites you.
The ball python grabs you. The ball python constricts you.
The ball python barely misses you. The ball python constricts you.
You barely miss the ball python. The ball python bites you.
The ball python constricts you.
You barely miss the ball python. The ball python bites you.
The ball python constricts you.
You hit the ball python.
You kill the ball python!
You hit the hobgoblin but do no damage. The hobgoblin barely misses you.
You closely miss the hobgoblin. The hobgoblin misses you.
You hit the hobgoblin.
The hobgoblin is heavily wounded.
The hobgoblin hits you.
* * * LOW HITPOINT WARNING * * *
You barely miss the hobgoblin.
The hobgoblin is moderately wounded.
The hobgoblin hits you but does no damage.
You barely miss the hobgoblin.
The hobgoblin is moderately wounded.
You hit the hobgoblin but do no damage.
The hobgoblin is moderately wounded.
The hobgoblin barely misses you.
You closely miss the hobgoblin.
The hobgoblin is moderately wounded.
The hobgoblin hits you but does no damage.
You hit the hobgoblin but do no damage.
The hobgoblin is moderately wounded.
The hobgoblin misses you.
You hit the hobgoblin but do no damage.
The hobgoblin is moderately wounded.
The hobgoblin hits you.
You die...

#......##...............##.##.#
#..........................##.#
#..............................
#.......S..#######...###...###.
#..........# .............#.
#..........# #.............#.
#..........####...###...###....
#.|..........g....#<......#....
#.......≈....#@...#.......#....
#####..≈.≈...###.............#.
#..≈...≈.## #......#......#.
..≈$.∩..≈# #.............#.
#..≈...≈.# #...#.......#....
##..≈.≈..# #...#......>#....
#...≈.........###...###...#
..#. ..........## ...........#


You could see a hobgoblin.

Vanquished Creatures
  A bat (D:1)
  A ball python (D:1)
  A goblin (D:1)
3 creatures vanquished.

Notes
Turn   | Place    | Note
-------+----------+-------------------------------------------
     0 | D:1      | nxtlvl the Deep Elf Monk began the quest for the Orb.
     0 | D:1      | Reached XP level 1. HP: 13/13 MP: 3/3
    63 | D:1      | Found Huenoul's Jewellery Shoppe.
    84 | D:1      | Slain by a hobgoblin

Illustrated notes

Levels and vault maps discovered:
D:1:      minmay_arrival_open_corners, layout_basic,
          hellmonk_ecumenical_altar_leap_of_faith, serial_shops, shop,
          nicolae_square_shop, nicolae_shop_trees, nicolae_diamond_shop, shop

Action                   || total
-------------------------++-------
Melee: Short sword       ||    15
 Stab: Sleeping          ||     2
Armor: Robe              ||     2
Dodge: Dodged            ||     5
